 Dungeon Crawl Stone Soup version 0.30.1-9-gdf580d7c3d (webtiles) character file.

Game seed: 1296329241304895197

2414935 SuperSeabass the Warrior (level 26, 154/154 HPs)
             Began as a Vine Stalker Gladiator on Oct 14, 2023.
             Was an Initiate of Gozag.
             Escaped with the Orb
             ... and 4 runes on Oct 15, 2023!
             The game lasted 07:16:36 (63255 turns).

SuperSeabass the Warrior (Vine Stalker Gladiator)  Turns: 63255, Time: 07:16:36

Health: 154/154    AC: 25    Str: 23    XL:     26   Next: 38%
Magic:  37/37      EV: 23    Int: 12    God:    Gozag
Gold:   2871       SH: 17    Dex: 24    Spells: 14/43 levels left

rFire   + + .        a - +9 demon whip (venom)
rCold   + . .        l - +0 kite shield {rPois}
rNeg    + . .        u - +5 ring mail {rF+}
rPois   +            c - +3 crown of Dyrovepreva {rElec Int+2 SInv}
rElec   +            v - scarf {rC+ rF+}
rCorr   +            j - +2 pair of gloves
SInv    +            X - +3 pair of boots "Gumuta" {Drain +Blink Str+3 Dex+3}
Will    +++..        x - amulet of Caasatas {+Blink rElec Regen+ Stlth+}
Stlth   +++          N - ring of the Octopus King {rN+ HP+2 AC+2 EV+2 SH+2}
HPRegen 2.05/turn    R - ring of resist corrosion
MPRegen 0.25/turn

%: guardian spirit
@: studying 2 skills
A: fangs 3, regeneration 1, magic shield, antimagic bite, no potion heal 2,
clumsy 1
0: Orb of Zot
}: 4/15 runes: decaying, slimy, silver, gossamer
a: Renounce Religion, Evoke Blink, Potion Petition, Call Merchant, Bribe Branch


You escaped.
You worshipped Gozag.
Gozag was most pleased with you.
You visited 11 branches of the dungeon, and saw 55 of its levels.
You visited 2 bazaars.
You also visited: Ossuary, Bailey, Gauntlet and Wizlab.

You collected 28474 gold pieces.
You spent 6033 gold pieces at shops.
You paid 19570 gold pieces to Gozag.

Inventory:

Hand Weapons
 a - a +9 demon whip of venom (weapon)
Missiles
 B - 30 boomerangs (quivered)
 J - 13 javelins
 L - 3 throwing nets
 U - 7 curare-tipped darts
 W - 8 silver javelins
 Z - 3 silver boomerangs
Armour
 c - the +3 crown of Dyrovepreva (worn) {rElec Int+2 SInv}
   (You found it on level 13 of the Dungeon)

   Int:       It affects your intelligence (+2).
   rElec:     It insulates you from electricity.
   SInv:      It lets you see invisible.
 j - a +2 pair of gloves (worn)
 l - a +0 kite shield of poison resistance (worn)
 u - a +5 ring mail of fire resistance (worn)
 v - a scarf of resistance (worn)
 X - the +3 pair of boots "Gumuta" (worn) {Drain +Blink Str+3 Dex+3}
   (You found it in a bailey)

   Str:       It affects your strength (+3).
   Dex:       It affects your dexterity (+3).
   +Blink:    It lets you blink.
   Drain:     It drains your maximum health when unequipped.
Jewellery
 x - the amulet of Caasatas (around neck) {+Blink rElec Regen+ Stlth+}
   (You found it on level 3 of the Dungeon)

   [amulet of regeneration]

   rElec:     It insulates you from electricity.
   +Blink:    It lets you blink.
   Regen:     It increases your rate of health regeneration.
   Stlth:     It makes you more stealthy.
 C - the ring "Tarai" {rC+ EV+5}
   (You bought it in a shop in a bazaar)

   [ring of evasion]

   EV:        It affects your evasion (+5).
   rC:        It protects you from cold.
 F - the ring "Mamuf" {Fly rN+ Str+2 SInv}
   (You took it off a deep elf elementalist on level 3 of the Elven Halls)

   [ring of positive energy]

   Str:       It affects your strength (+2).
   rN:        It protects you from negative energy.
   SInv:      It lets you see invisible.
   Fly:       It grants you flight.
 H - a ring of protection from fire
 K - a +4 ring of slaying
 N - a ring of the Octopus King (left hand) {rN+ HP+2 AC+2 EV+2 SH+2}
   (You acquired it on level 3 of the Crypt)

   [ring of positive energy]

   AC:        It affects your AC (+2).
   EV:        It affects your evasion (+2).
   rN:        It protects you from negative energy.
   HP:        It affects your health (+2).
   SH:        It affects your SH (+2).
 R - a ring of resist corrosion (right hand)
Wands
 d - a wand of digging (10)
 i - a wand of iceblast (52)
 m - a wand of mindburst (25)
 p - a wand of polymorph (56)
 r - a wand of quicksilver (41)
 z - a wand of paralysis (59)
Scrolls
 h - 4 scrolls of blinking
 t - 22 scrolls of teleportation
 w - 4 scrolls of fog
 D - 13 scrolls of fear
 I - 5 scrolls of poison
 O - 6 scrolls of summoning
 Q - 7 scrolls of silence
 V - 5 scrolls of immolation
 Y - 2 scrolls of magic mapping
Potions
 f - 4 potions of lignification
 k - 18 potions of curing
 n - 10 potions of brilliance
 o - 11 potions of might
 q - 5 potions of resistance
 s - 10 potions of mutation
 y - 3 potions of cancellation
 G - 7 potions of haste
 P - 3 potions of invisibility
 S - 5 potions of berserk rage
 T - 6 potions of magic
Miscellaneous
 b - a box of beasts
 e - a phantom mirror
 g - a tin of tremorstones (2/2)
 E - a phial of floods
 M - a lightning rod (4/4)


   Skills:
 - Level 20.2 Fighting
 - Level 14.0 Maces & Flails
 + Level 13.7 Throwing
 - Level 10.0 Armour
 + Level 13.4 Dodging
 - Level 15.0 Stealth
 - Level 15.2 Shields
 + Level 9.4 Spellcasting
 + Level 13.0 Conjurations
 + Level 3.5 Hexes
 - Level 14.0 Translocations
 - Level 12.0 Transmutations
 - Level 10.0 Ice Magic
 - Level 8.0 Air Magic
 - Level 4.0 Earth Magic
 - Level 12.0 Evocations


You had 14 spell levels left.
You knew the following spells:

 Your Spells              Type           Power      Damage    Failure   Level
a - Ozocubu's Armour      Ice            29%        N/A       1%          3
c - Mephitic Cloud        Conj/Pois/Air  22%        N/A       4%          3
f - Freezing Cloud        Conj/Ice/Air   15%        6-21      11%         5
l - Lesser Beckoning      Tloc           78%        N/A       1%          2
y - Yara's Violent Unrav  Hex/Tmut       12%        3d7       30%         5
z - Apportation           Tloc           78%        N/A       1%          1
I - Irradiate             Conj/Tmut      17%        3d17      4%          5
P - Passwall              Tmut/Erth      20%        N/A       1%          2
R - Swiftness             Air            24%        N/A       3%          3

Your spell library contained the following spells:

 Spells                   Type           Power      Damage    Failure   Level
 Foxfire                  Conj/Fire      84%        2x1d8     1%          1
 Freeze                   Ice            100%       1d10      1%          1
 Magic Dart               Conj           100%       1d8       1%          1
 Shock                    Conj/Air       100%       1d9       1%          1
 Blink                    Tloc           78%        N/A       1%          2
 Momentum Strike          Conj/Tloc      76%        3d10      1%          2
 Searing Ray              Conj           72%        2d7       1%          2
 Static Discharge         Conj/Air       60%        2-5/arc   1%          2
 Wereblood                Tmut           34%        N/A       1%          2
 Frozen Ramparts          Ice            58%        1d9       1%          3
 Gell's Gravitas          Tloc           39%        N/A       1%          3
 Hailstorm                Conj/Ice       33%        3d8       1%          3
 Teleport Other           Tloc           39%        N/A       1%          3
 Passage of Golubria      Tloc           39%        N/A       1%          4
 Sting                    Tmut/Pois      80%        1d7       2%          1
 Ensorcelled Hibernation  Hex/Ice        42%        N/A       2%          2
 Dazzling Flash           Conj/Hex       50%        N/A       2%          3
 Portal Projectile        Hex/Tloc       52%        N/A       2%          3
 Ice Form                 Ice/Tmut       32%        N/A       3%          4
 Blade Hands              Tmut           17%        N/A       5%          5
 Slow                     Hex            56%        N/A       6%          1
 Poisonous Vapours        Pois/Air       30%        N/A       8%          2
 Fulminant Prism          Conj/Hex       12%        3d8       9%          4
 Airstrike                Air            12%        2d(2-18)  10%         4
 Petrify                  Tmut/Erth      24%        N/A       10%         4
 Dispersal                Tloc           19%        N/A       13%         6
 Cigotuvi's Dreadful Rot  Necr/Pois/Air  24%        N/A       14%         2
 Ignite Poison            Fire/Tmut/Pois 15%        N/A       16%         3
 Confusing Touch          Hex            14%        N/A       19%         3
 Tukima's Dance           Hex            14%        N/A       19%         3
 Necrotise                Necr           20%        1d5       26%         1
 Summon Small Mammal      Summ           20%        N/A       26%         1
 Summon Ice Beast         Ice/Summ       17%        N/A       34%         4
 Inner Flame              Hex/Fire       9%         N/A       36%         3
 Sublimation of Blood     Necr           5%         N/A       38%         2
 Metabolic Englaciation   Hex/Ice        10%        N/A       43%         5
 Summon Lightning Spire   Summ/Air       15%        N/A       45%         4
 Fireball                 Conj/Fire      10%        3d6       45%         5
 Leda's Liquefaction      Hex/Erth       7%         N/A       50%         4
 Conjure Ball Lightning   Conj/Air       15%        3x3d6     50%         6
 Cause Fear               Hex            7%         N/A       52%         4
 Alistair's Intoxication  Tmut/Pois      13%        N/A       54%         5
 Silence                  Hex/Air        9%         N/A       56%         5
 Call Canine Familiar     Summ           5%         N/A       63%         3
 Vampiric Draining        Necr           5%         2d6       63%         3
 Animate Armour           Summ/Erth      20%        N/A       75%         4
 Iron Shot                Conj/Erth      13%        9d3       77%         6
 Anguish                  Hex/Necr       4%         N/A       78%         4
 Lee's Rapid Deconstruct  Erth           7%         3d7*      82%         5
 Statue Form              Tmut/Erth      16%        N/A       83%         6
 Dragon Form              Tmut           17%        N/A       86%         7
 Dispel Undead            Necr           5%         3d7       95%         4
 Starburst                Conj/Fire      10%        6d5       96%         6
 Summon Mana Viper        Hex/Summ       9%         N/A       98%         5
 Disjunction              Tloc           19%        N/A       99%         8
 Agony                    Necr           5%         N/A       100%        5
 Death Channel            Necr           2%         N/A       100%        6
 Plasma Beam              Fire/Air       7%         2x1d20    100%        6
 Enfeeble                 Hex            7%         N/A       100%        7
 Monstrous Menagerie      Summ           2%         N/A       100%        7
 Summon Hydra             Summ           2%         N/A       100%        7
 Discord                  Hex            7%         N/A       100%        8
 Infestation              Necr           2%         N/A       100%        8
 Lehudib's Crystal Spear  Conj/Erth      13%        10d4      100%        8
 Necromutation            Tmut/Necr      10%        N/A       100%        8
 Chain Lightning          Conj/Air       15%        3d20      100%        9
 Death's Door             Necr           2%         N/A       100%        9
 Fire Storm               Conj/Fire      10%        8d3       100%        9
 Shatter                  Erth           7%         3d10*     100%        9
 Simulacrum               Ice/Necr       Unusable   N/A       N/A         6

Dungeon Overview and Level Annotations

Branches:
Dungeon (15/15)            Temple (0/1) D:5            Lair (5/5) D:11
  Swamp (4/4) Lair:2       Spider (4/4) Lair:3        Slime (5/5) Lair:5
    Orc (2/2) D:12            Elf (3/3) Orc:2        Vaults (5/5) D:13
  Crypt (3/3) Vaults:2       Tomb (0/3) Crypt:3      Depths (4/4) D:15
    Zot (5/5) Depths:4    Ossuary (visited)          Bailey (visited)
 WizLab (visited)         Gauntlet (visited)

Altars:
Cheibriados
Dithmenos
Elyvilon
Fedhas
Gozag
Hepliaklqana
Kikubaaqudgha
Makhleb
Qazlal
Ru
Sif Muna
Trog
Uskayaw
Vehumet
Xom
Yredelemnul
Zin

Shops:
D:11 [[:!   D:13 [   D:15 *   Orc:2 [?*(!   Vaults:5 ??!

Portals:
Hell: Depths:1 Depths:2 Depths:3 Depths:4
Abyss: Depths:3
Pandemonium: Depths:2 Depths:3
Ziggurat: Depths:1
Trove: D:13 (give +7 demon blade)

Annotations:
D:6 1 runed translucent door, exclusion: door, Crazy Yiuf
Slime:3 exclusion: shining eye
Slime:5 exclusion: upstairs
Elf:1 1 runed translucent door, exclusion: door, Oluguuw's ghost, veteran MiGl; Roxanne
Elf:2 5 runed translucent doors, exclusion: 5 doors
Crypt:1 2 transporters, exclusions: downstairs and obsidian statue
Crypt:2 exclusion: curse skull, Frederick; Jory
Crypt:3 3 runed translucent doors, exclusion: 3 doors, Rolofrus's ghost, veteran FoFi
Depths:3 2 exclusions


Innate Abilities, Weirdness & Mutations

You have razor-sharp teeth.
Your natural rate of healing is unusually fast.
When hurt, damage is shared between your health and your magic reserves.
Your bite disrupts and absorbs the magic of your enemies.
Potions cannot restore your health.
You are clumsy. (Dex -2)


Message History

Dusudwu gestures.
Lightning arcs from Dusudwu's claws!
The bolt of lightning hits you!!! You resist.
You hear a shout!
There is a stone staircase leading up here.
You climb upwards.
There is a stone staircase leading down here.
(D) Dungeon (T) Temple (L) Lair (S) Swamp (N) Spider Nest (M) Slime Pits (O) Orcish Mines (E) Elven Halls (V) Vaults (C) Crypt (W) Tomb (U) Depths (H) Hell (Z) Zot
Where to? (Enter - D:1 @ (x,y), ? - help)
What level of the Dungeon? (default 1, ? - help)
A lorocyproca comes into view.
There is a stone staircase leading up here.
You climb upwards.
There is a stone staircase leading down here.
(D) Dungeon (T) Temple (L) Lair (S) Swamp (N) Spider Nest (M) Slime Pits (O) Orcish Mines (E) Elven Halls (V) Vaults (C) Crypt (W) Tomb (U) Depths (H) Hell (Z) Zot
Where to? (Enter - D:1 @ (x,y), ? - help)
What level of the Dungeon? (default 1, ? - help) HP restored.
There is a stone staircase leading up here.
You climb upwards.
There is a stone staircase leading down here.
There is a stone staircase leading up here.
You climb upwards.
There is a stone staircase leading down here.
Magic restored.
There is a stone staircase leading up here.
You climb upwards.
There is a stone staircase leading down here.
There is an open door here.
There is a staircase leading out of the dungeon here.
Press: ? - help, v - describe, . - travel A stone wall.
This square is covered in magical glow.
You have escaped!

....##..#..###....##.#
........#..# ##.#.##.#
#...#...#..# #....##.#
...........# #..####.#
.........###########.##
#.....#..##.......#...#
########.'........##..# #
####.......##..# # #>###.@.##..#
# #####.......#...# ####
#..'........#...# ...#
#.###.......#.#.#
##.####.#############.###########
#.............#.#.##.>.........#
###############.#.############.#
#.#.# #.# #.#.#### #.#


There were no monsters in sight!

Vanquished Creatures
  the Royal Jelly (Slime:5)
  2 dread liches (Crypt:3)
  An ancient lich (Crypt:3)
  Mara (Spider:4)
  A juggernaut (Depths:4)
  Sojobo (Vaults:4)
  3 golden dragons
  Nikola (Swamp:2)
  2 bone dragons
  A Tzitzimitl (Depths:4)
  An electric golem (Zot:1)
  Rupert (Lair:4)
  3 hellephants (Depths:1)
  Jorgrun (Swamp:2)
  7 titans
  3 liches
  3 tentacled monstrosities (Vaults:5)
  Mlioglotl (Swamp:4)
  3 walking crystal tomes
  3 Orb Guardians
  2 deep elf blademasters (Elf:3)
  2 quicksilver dragons (Vaults:5)
  2 deep elf master archers (Elf:3)
  18 acid blobs
  7 ancient champions
  2 thorn hunters (Swamp:4)
  A tentacled starspawn (WizLab)
  7 tengu reavers
  4 sphinxes
  A revenant (Crypt:1)
  4 storm dragons
  9 rockslimes
  3 nagarajas (WizLab)
  4 shadow dragons
  4 emperor scorpions
  2 fenstrider witches
  7 frost giants
  9 deep elf sorcerers
  13 fire giants
  13 azure jellies
  5 ghost moths
  Aizul (Swamp:4)
  A draconian scorcher (Depths:4)
  A curse skull (Crypt:2)
  An iron dragon (Depths:2)
  Louise (Spider:2)
  16 vault wardens
  2 orc warlords
  15 very ugly things
  4 deep elf elementalists (Elf:3)
  6 ghouls (Crypt:2)
  A demonspawn corrupter (WizLab)
  2 spriggan defenders
  9 quicksilver oozes
  2 war gargoyles
  17 ironbound preservers
  16 stone giants
  3 broodmothers
  6 ironbound thunderhulks
  7 deep elf demonologists
  A reaper (Crypt:2)
  The ghost of laqueoix the Severer, a journeyman FoFi of Uskayaw (Lair:2)
  3 eleionomae
  Nessos (Lair:3)
  A green draconian (Depths:4)
  A red draconian (Depths:4)
  4 white draconians
  Azrael (D:12)
  2 bunyips
  9 vampire knights
  11 dire elephants
  A black draconian (Depths:4)
  3 purple draconians
  11 spark wasps
  A minotaur (Gauntlet)
  9 deep elf annihilators
  Snorg (D:10)
  4 eidola
  A mummy priest (Crypt:3)
  A blizzard demon (D:14)
  5 jiangshi
  11 ettins
  11 deep elf death magi
  3 crystal guardians
  7 fire dragons
  Josephine (D:15)
  7 deep elf high priests
  12 great orbs of eyes
  The ghost of Calyfret the Cleaver, a journeyman MiGl of Okawaru (D:14)
  3 entropy weavers
  11 yaktaur captains
  5 ice dragons
  7 spriggan air magi
  5 peacekeepers
  Erolcha (D:10)
  31 vault guards
  10 hydras
  4 rakshasas
  7 ironbound frosthearts
  An ogre mage (Vaults:5)
  A fenstrider witch skeleton (Crypt:3)
  3 jorogumos
  A death knight (Crypt:2)
  12 alligators
  16 centaur warriors
  2 spriggan skeletons
  3 two-headed ogres
  3 ghost crabs
  A radroach (Spider:3)
  4 catoblepae
  6 hell hogs (Depths:1)
  7 boulder beetles
  A merfolk aquamancer (WizLab)
  14 dancing weapons
  10 deep troll shamans
  2 orc high priests
  4 spriggan berserkers
  4 death yaks (Lair:5)
  11 deep troll earth magi
  5 vampire magi
  4 tengu warriors
  9 hell knights
  12 deep elf knights
  A skyshark (Lair:2)
  An iron giant zombie (Crypt:3)
  A goliath frog (Swamp:4)
  19 skeletal warriors
  10 iron trolls
  4 pharaoh ants
  2 sixfirhies
  A sun moth (Spider:1)
  7 flayed ghosts
  2 spriggan druids
  72 deep trolls
  An obsidian statue (Crypt:3)
  A death drake (Swamp:3)
  6 glowing orange brains
  8 orb spiders
  6 swamp dragons
  2 deep elf archers (Elf:3)
  3 spectral hydras
  17 wizards
  2 spriggan simulacra
  11 harpies
  14 bog bodies
  12 phantasmal warriors
  20 ironbound convokers
  10 necromancers
  13 lindwurms
  6 goliath frog zombies (Swamp:3)
  3 oklob plants
  A golden dragon skeleton (Crypt:3)
  25 deep elf pyromancers
  36 ugly things
  12 orc knights
  22 deep elf zephyrmancers
  16 wolf spiders
  A shining eye (shapeshifter) (Vaults:5)
  2 wolf spider zombies (D:15)
  A fire giant zombie (Vaults:4)
  A steelbarb worm (Spider:4)
  The ghost of WaxSun the Cudgeller, a novice HuFi (D:6)
  2 manticores
  2 cyclopes
  2 orc sorcerers
  6 shining eyes
  2 worldbinders (WizLab)
  8 elephants
  8 moths of wrath
  2 eyes of devastation
  A centaur zombie (D:15)
  A naga mage (D:15)
  4 black mambas
  22 vault sentinels
  A water nymph (shapeshifter) (Vaults:5)
  A water nymph (WizLab)
  6 cane toads
  2 ice statues
  9 demonic crawlers
  4 gargoyles
  A steelbarb worm zombie (Crypt:3)
  An iron troll zombie (Crypt:3)
  2 torpor snails
  3 swamp worm zombies
  An efreet (D:14)
  9 freezing wraiths
  A catoblepas skeleton (Crypt:1)
  2 kobold demonologists (D:10)
  4 komodo dragons
  28 yaktaurs
  An alligator snapping turtle skeleton (Crypt:1)
  3 tengu conjurers
  Maggie (D:7)
  3 ice devils (D:14)
  3 rime drakes
  A bunyip simulacrum (Crypt:3)
  A sea snake skeleton (Crypt:1)
  5 trolls
  An anaconda simulacrum (Crypt:1)
  6 guardian mummies (Crypt:3)
  7 hornets
  2 polar bears
  A polar bear (shapeshifter) (Elf:2)
  6 meliai
  22 tarantellas
  Grinder (D:6)
  2 bloated husks
  A human skeleton (Vaults:3)
  3 hydra zombies
  6 tyrant leeches
  A wolf spider simulacrum (D:14)
  2 harpy zombies
  32 blink frogs
  A tarantella zombie (Crypt:3)
  9 spectral swamp dragons
  13 alligator zombies
  3 ettin zombies
  6 flying skulls
  Sigmund (D:5)
  A slime creature zombie (Crypt:3)
  6 centaur simulacra
  20 culicivoras
  A culicivora (shapeshifter) (D:11)
  An ettin skeleton (Crypt:1)
  17 jumping spiders
  A shadow (D:11)
  2 wyverns
  93 slime creatures
  9 spriggans
  3 water elementals
  3 air elementals
  16 wraiths
  3 vampires
  A wind drake zombie (Crypt:3)
  2 yaks (shapeshifter)
  An alligator snapping turtle simulacrum (Crypt:3)
  40 yaks
  5 fire elementals
  7 golden eyes
  5 basilisks
  A tyrant leech zombie (Swamp:3)
  46 redbacks
  A chaos spawn (Depths:2)
  A human (shapeshifter) (Elf:3)
  8 vampire mosquitoes
  13 wargs
  Menkaure (D:5)
  A redback simulacrum (D:14)
  An acid dragon (D:13)
  3 glowing shapeshifter zombies
  21 swamp worms
  2 hell hounds (D:12)
  9 water moccasins
  2 floating eyes (Depths:3)
  A faun skeleton (Crypt:1)
  49 orc warriors
  A black bear (D:7)
  3 swamp drakes (Swamp:2)
  2 sky beasts
  A hornet zombie (Crypt:1)
  A meliai simulacrum (D:14)
  A lindwurm skeleton (Crypt:2)
  3 ogres
  5 swamp dragon zombies (Swamp:4)
  A manticore zombie (Crypt:2)
  An ettin simulacrum (Vaults:3)
  A dream sheep skeleton (Crypt:3)
  23 wolves
  14 centaurs
  A phantom (Swamp:4)
  A snapping turtle skeleton (Crypt:1)
  A kobold brigand (D:9)
  Blork the orc (D:6)
  An elf zombie (Ossuary)
  4 earth elementals
  A necrophage (Crypt:2)
  2 gnoll sergeants
  3 scorpions
  15 bullfrogs
  3 spriggan zombies (Swamp:3)
  11 wights
  9 killer bees
  4 troll zombies (Swamp:3)
  3 electric eels
  7 vampire bats (Bailey)
  11 howler monkeys
  4 wolf zombies (Bailey)
  2 human zombies
  A jelly (D:5)
  A wolf skeleton (Crypt:1)
  2 gnoll boudas
  6 hounds
  17 orc priests
  3 sleepcaps
  A scorpion zombie (Crypt:2)
  Jessica (D:3)
  4 iguanas
  A spectral swamp drake (Swamp:4)
  30 orc wizards
  5 hell rats (Lair:5)
  A boggart skeleton (Crypt:2)
  A boggart simulacrum (D:14)
  2 mummies (Ossuary)
  15 gnolls
  6 adders
  A river rat (shapeshifter) (D:15)
  A swamp drake skeleton (Crypt:3)
  A swamp drake zombie (Swamp:4)
  A shadow imp (D:6)
  3 white imps
  4 ufetubi
  2 iguana skeletons
  A worm (D:2)
  3 dart slugs
  118 orcs
  5 bats
  A bat skeleton (Crypt:3)
  8 endoplasms
  A giant cockroach (D:2)
  2 gnoll zombies (Ossuary)
  10 goblins
  7 hobgoblins
  4 quokkas
  7 ball pythons
  6 frilled lizards
  A goblin skeleton (Crypt:3)
  3 goblin zombies (Ossuary)
  4 hobgoblin zombies (Ossuary)
  11 kobolds
  A kobold skeleton (Crypt:2)
  A kobold zombie (Crypt:1)
  20 orc zombies
  4 rats
  A river rat skeleton (Crypt:1)
2134 creatures vanquished.

Vanquished Creatures (collateral kills)
  A curse toe (Zot:3)
  A Killer Klown (Zot:5)
  Saint Roka (Vaults:1)
  A golden dragon (Zot:5)
  2 electric golems
  2 tentacled monstrosities (Zot:1)
  5 Orb Guardians
  Frances (Swamp:2)
  A death cob (Zot:1)
  2 storm dragons (Zot:5)
  Agnes (D:14)
  A draconian knight (Zot:5)
  3 draconian shifters
  A draconian scorcher (Zot:5)
  An ironbound preserver (Vaults:5)
  2 demonspawn corrupters (WizLab)
  An ironbound thunderhulk (Vaults:4)
  2 yellow draconians (Zot:1)
  A black draconian (Zot:1)
  A green draconian (Zot:5)
  A white draconian (Zot:1)
  A red draconian (Zot:5)
  A yaktaur captain (Vaults:3)
  A deep elf high priest (Vaults:5)
  A vault guard (Vaults:5)
  An ironbound frostheart (Vaults:4)
  A soul eater (Zot:3)
  3 sixfirhies
  2 deep trolls
  2 death drakes (Zot:3)
  2 ironbound convokers (Vaults:3)
  6 moths of wrath
  A yaktaur (Vaults:3)
  A hornet (Swamp:2)
  A basilisk (Lair:5)
  3 orc warriors (Orc:1)
  An orc priest (Orc:1)
  A hell rat (Lair:5)
  4 orcs (Orc:1)
65 creatures vanquished.

Vanquished Creatures (others)
  A dread lich (Zot:5)
  2 ancient liches
  A curse toe (Zot:3)
  A Killer Klown (Zot:5)
  2 tentacled monstrosities (Zot:5)
  8 Orb Guardians
  2 death cobs
  A yellow draconian (Zot:5)
  A white draconian (Zot:5)
  A purple draconian (Zot:5)
  A bunyip (Swamp:2)
  A deep troll (Vaults:5)
  A wizard (WizLab)
  A phantasmal warrior (Swamp:4)
  A deep elf pyromancer (Elf:3)
  A moth of wrath (Zot:5)
  9 bloated husks
  A vampire mosquito (Swamp:2)
  A phantom (Swamp:4)
  An orc (D:12)
  2 starspawn tentacles (WizLab)
40 creatures vanquished.

Grand Total: 2239 creatures vanquished

Notes
Turn   | Place    | Note
-------+----------+-------------------------------------------
     0 | D:1      | SuperSeabass the Vine Stalker Gladiator began the quest for
                  | the Orb.
     0 | D:1      | Reached XP level 1. HP: 11/11 MP: 2/2
   243 | D:1      | Reached XP level 2. HP: 8/15 MP: 1/3
   321 | D:1      | Reached skill level 2 in Fighting
   374 | D:1      | Found a faded altar of an unknown god.
   382 | D:1      | Reached skill level 1 in Stealth
   679 | D:1      | Reached XP level 3. HP: 18/18 MP: 4/4
  1361 | D:2      | Gained mutation: Your natural rate of healing is unusually
                  | fast. [Vine Stalker growth]
  1361 | D:2      | Reached XP level 4. HP: 23/23 MP: 5/5
  1945 | D:3      | Found a bloodstained altar of Trog.
  2145 | D:3      | Noticed Jessica
  2311 | D:3      | Identified the amulet of Caasatas {+Blink rElec Regen+
                  | Stlth+}
  2872 | D:4      | Found a basalt altar of Yredelemnul.
  3020 | D:4      | Found a sand-covered staircase.
  3032 | D:4      | Reached XP level 5. HP: 22/27 MP: 6/6
  3038 | Ossuary  | Entered an ossuary
  3144 | Ossuary  | Reached skill level 3 in Fighting
  3160 | Ossuary  | Reached XP level 6. HP: 32/32 MP: 7/7
  4020 | D:4      | Found a shimmering blue altar of Sif Muna.
  4149 | D:4      | Reached skill level 5 in Maces & Flails
  4218 | D:5      | Entered Level 5 of the Dungeon
  4332 | D:5      | Found an opulent altar of Gozag.
  4348 | D:5      | Became a worshipper of Gozag Ym Sagoz the Greedy
  4385 | D:5      | Reached XP level 7. HP: 36/36 MP: 6/8
  4412 | D:5      | Found a snail-covered altar of Cheibriados.
  4597 | D:5      | Found a glowing silver altar of Zin.
  4597 | D:5      | Found a stormy altar of Qazlal.
  4672 | D:5      | Reached skill level 4 in Fighting
  4672 | D:5      | Reached skill level 5 in Stealth
  4777 | D:5      | Noticed Sigmund
  4835 | D:5      | Found a staircase to the Ecumenical Temple.
  4854 | D:5      | Gained mutation: You have razor-sharp teeth. [Vine Stalker
                  | growth]
  4854 | D:5      | Reached XP level 8. HP: 34/42 MP: 9/9
  4974 | D:6      | Noticed Blork the orc
  5034 | D:6      | Killed Blork the orc
  5394 | D:6      | Found a runed translucent gate.
  5394 | D:6      | Found a runed translucent gate.
  5395 | D:6      | Found a runed translucent gate.
  5398 | D:6      | Noticed WaxSun's ghost (novice HuFi)
  5469 | D:6      | Noticed Grinder
  5490 | D:6      | Killed Grinder
  5491 | D:6      | Reached skill level 5 in Fighting
  5746 | D:6      | Found a burning altar of Makhleb.
  6000 | D:7      | Noticed Maggie
  6208 | D:7      | Reached XP level 9. HP: 47/47 MP: 10/10
  6639 | D:7      | Reached skill level 6 in Fighting
  7000 | D:7      | Found a white marble altar of Elyvilon.
  7228 | D:8      | Reached XP level 10. HP: 52/53 MP: 9/11
  7668 | D:8      | Found a sacrificial altar of Ru.
  7853 | D:9      | Found a flagged portal.
  7876 | D:9      | Reached skill level 10 in Maces & Flails
  7977 | Bailey   | Entered a bailey
  8092 | Bailey   | Reached skill level 7 in Fighting
  8187 | Bailey   | Noticed a gargoyle
  8195 | Bailey   | Killed a gargoyle
  8461 | Bailey   | Identified the +3 pair of boots "Gumuta" {Drain +Blink
                  | Str+3 Dex+3}
  8894 | D:9      | Noticed a +0 dagger
  8894 | D:9      | Noticed a +0 short sword
  8894 | D:9      | Noticed a +0 falchion
  8895 | D:9      | Noticed a +0 spear
  8895 | D:9      | Noticed a +0 falchion
  8895 | D:9      | Noticed a +0 short sword
  8895 | D:9      | Noticed a +0 dagger
  8896 | D:9      | Noticed a +0 spear
  8911 | D:9      | Found a hide-covered altar of Uskayaw.
  8947 | D:9      | Found a shadowy altar of Dithmenos.
  9011 | D:9      | Noticed a two-headed ogre
  9021 | D:9      | Killed a two-headed ogre
  9028 | D:9      | Found a hazy altar of Hepliaklqana.
  9863 | D:7      | Killed Maggie
  9864 | D:7      | Reached skill level 5 in Dodging
  9864 | D:7      | Reached XP level 11. HP: 59/59 MP: 12/12
 10185 | D:6      | Found a runed translucent door.
 10186 | D:6      | Noticed Crazy Yiuf
 10293 | D:5      | Noticed Menkaure
 10297 | D:5      | Killed Menkaure
 10346 | D:5      | Killed Sigmund
 10454 | D:3      | Killed Jessica
 10575 | D:10     | Entered Level 10 of the Dungeon
 10741 | D:10     | Noticed Snorg
 10775 | D:10     | Reached skill level 8 in Fighting
 10790 | D:10     | Killed Snorg
 10998 | D:10     | Noticed Erolcha
 11202 | D:11     | Noticed a green ugly thing
 11265 | D:11     | Noticed a boulder beetle
 11274 | D:11     | Killed a boulder beetle
 11375 | D:11     | Reached skill level 1 in Armour
 11385 | D:11     | Identified the +1 dagger of Ignis's Grace {flame, Str+6
                  | Dex-3}
 11562 | D:11     | Found a sacrificial altar of Ru.
 11594 | D:11     | Found a staircase to the Lair.
 11676 | D:11     | Identified the +0 pair of boots of the Pink Corner {+Blink
                  | rPois Regen+ Str-5}
 11714 | D:11     | Noticed a cyclops
 11734 | D:11     | Killed a cyclops
 11755 | D:11     | Noticed a two-headed ogre
 11758 | D:11     | Found Zainadoskae's Distillery.
 11772 | D:11     | Killed a two-headed ogre
 11796 | D:11     | Bought a potion of curing for 33 gold pieces
 11796 | D:11     | Bought 2 potions of might for 88 gold pieces
 11796 | D:11     | Bought a potion of curing for 33 gold pieces
 11796 | D:11     | Bought a potion of curing for 33 gold pieces
 11796 | D:11     | Bought a potion of degeneration for 11 gold pieces
 11840 | D:11     | Reached skill level 9 in Fighting
 11840 | D:11     | Reached XP level 12. HP: 66/66 MP: 13/13
 12233 | Lair:1   | Entered Level 1 of the Lair of Beasts
 12302 | Lair:1   | Noticed a catoblepas
 12309 | Lair:1   | Killed a catoblepas
 12501 | Lair:1   | Found the +15 Maxwell's patent armour {-Cast -Tele rElec
                  | Will+ rCorr}
 12649 | Lair:1   | Found a blossoming altar of Fedhas.
 12661 | Lair:1   | Reached skill level 10 in Stealth
 12891 | Lair:1   | Identified the +0 plate armour "Moskoope" {rF+ MP+9}
 12906 | Lair:1   | Reached skill level 1 in Evocations
 13356 | Lair:2   | Found a gate leading to a gauntlet.
 13357 | Lair:2   | Noticed a skyshark
 13366 | Gauntlet | Entered a Gauntlet
 13366 | Gauntlet | Noticed a catoblepas
 13366 | Gauntlet | Found a transporter.
 13366 | Gauntlet | Found a transporter.
 13366 | Gauntlet | Found a transporter.
 13377 | Gauntlet | Found a transporter.
 13377 | Gauntlet | Found a transporter.
 13384 | Gauntlet | Noticed a death scarab
 13387 | Gauntlet | Found a transporter.
 13391 | Gauntlet | Found a transporter.
 13402 | Gauntlet | Noticed a dire elephant
 13403 | Gauntlet | Found a transporter.
 13481 | Gauntlet | Found a transporter.
 13489 | Gauntlet | Found a transporter.
 13493 | Gauntlet | Found a transporter.
 13507 | Gauntlet | Found a transporter.
 13676 | Gauntlet | Killed a catoblepas
 13741 | Gauntlet | Reached skill level 10 in Fighting
 13773 | Gauntlet | Identified the +0 hat "Zoamiade" {Str-4 Int+4 Dex+3}
 13791 | Gauntlet | Noticed a minotaur
 13801 | Gauntlet | Identified the +8 chain mail "Suimulaw" {rPois rF- rN+
                  | Will+ Str+2}
 13801 | Gauntlet | Identified the ring "Zegud" {Str+3 Int-5 Dex+5 SInv}
 13805 | Gauntlet | Killed a minotaur
 13806 | Gauntlet | Reached XP level 13. HP: 57/72 MP: 14/14
 13962 | Lair:2   | Identified the +5 hand axe of Balance {venom, rElec rPois
                  | Str+2}
 14144 | Lair:2   | Reached skill level 5 in Armour
 14190 | Lair:2   | Found a staircase to the Swamp.
 14329 | Lair:2   | Found a transporter.
 14329 | Lair:2   | Found a transporter.
 14378 | Lair:2   | Noticed laqueoix's ghost (journeyman FoFi)
 15109 | Lair:3   | You fall into a shaft and drop 2 floors!
 15109 | Lair:5   | Entered Level 5 of the Lair of Beasts
 15364 | Lair:4   | Reached skill level 5 in Evocations
 15668 | Lair:4   | Noticed Rupert
 15680 | Lair:4   | Killed Rupert
 15681 | Lair:4   | Reached skill level 11 in Fighting
 15681 | Lair:4   | Reached XP level 14. HP: 59/79 MP: 13/15
 15889 | Lair:3   | Found a hole to the Spider Nest.
 15966 | Lair:3   | Noticed Nessos
 15994 | Lair:3   | Killed Nessos
 16674 | Lair:4   | Identified the +0 leather armour "Oneagg" {Harm Int+3}
 17268 | Lair:5   | Found a staircase to the Slime Pits.
 17923 | Lair:5   | Identified the +2 swamp dragon scales of Amelioration
                  | {-Cast Rampage rPois rC+ Str+3}
 18385 | D:12     | Noticed Azrael
 18389 | D:12     | Found a staircase to the Orcish Mines.
 18396 | D:12     | Killed Azrael
 19028 | Orc:1    | Entered Level 1 of the Orcish Mines
 19371 | Orc:2    | Entered Level 2 of the Orcish Mines
 19719 | Orc:2    | Found a staircase to the Elven Halls.
 20185 | Orc:2    | Found Qutiuki's General Store.
 20185 | Orc:2    | Found Intei's Antique Weapon Boutique.
 20218 | Orc:2    | Found Casobrog's Antique Armour Shoppe.
 20245 | Orc:2    | Reached skill level 5 in Throwing
 20247 | Orc:2    | Found Cerrulot's Magic Scroll Boutique.
 20259 | Orc:2    | Reached XP level 15. HP: 84/84 MP: 16/16
 20287 | Orc:2    | Reached skill level 12 in Fighting
 20336 | Orc:2    | Bought a scroll of fear for 52 gold pieces
 20336 | Orc:2    | Bought a scroll of blinking for 97 gold pieces
 20336 | Orc:2    | Bought a scroll of blinking for 97 gold pieces
 20336 | Orc:2    | Bought a scroll of blinking for 97 gold pieces
 20426 | Orc:2    | Bought a potion of curing for 36 gold pieces
 20558 | Orc:2    | Found Piczuxusm's Distillery.
 20572 | Orc:2    | Bought a potion of resistance for 130 gold pieces
 20966 | Orc:2    | Bought a shiny helmet for 187 gold pieces
 21267 | D:13     | Found a transporter.
 21267 | D:13     | Found Qetsil's Antique Armour Shoppe.
 21269 | D:13     | Found a transporter.
 21401 | D:13     | Found the +3 crown of Dyrovepreva {rElec Int+2 SInv}
 21489 | D:13     | Found a gate to the Vaults.
 21523 | D:13     | Reached skill level 1 in Shields
 21755 | D:13     | Found a portal to a secret trove of treasure.
 22044 | D:14     | Found a runed translucent gate.
 22044 | D:14     | Found a runed translucent gate.
 22046 | D:14     | Found a runed translucent gate.
 22327 | D:14     | Found a shimmering altar of Xom.
 22340 | D:14     | Identified the staff of poison "Femirisa" {Fly rPois}
 22848 | D:14     | Noticed Agnes
 22865 | D:14     | Killed Agnes
 22949 | D:14     | Noticed Calyfret's ghost (journeyman MiGl)
 22985 | D:15     | Entered Level 15 of the Dungeon
 23100 | D:15     | Noticed Josephine
 23214 | D:15     | Killed Josephine
 23524 | D:14     | Reached skill level 13 in Fighting
 23933 | D:15     | Found Lebunato's Assorted Antiques.
 24302 | Spider:1 | Entered Level 1 of the Spider Nest
 24390 | Spider:1 | Reached XP level 16. HP: 91/91 MP: 15/17
 24472 | Spider:1 | Reached skill level 5 in Shields
 25740 | Spider:2 | Noticed Louise
 26431 | Spider:3 | Reached skill level 14 in Fighting
 26586 | Spider:2 | Identified the +3 quarterstaff of Azxili Bapue {freeze,
                  | *Noise rF+++ Int+6}
 27657 | Swamp:1  | Entered Level 1 of the Swamp
 28361 | Swamp:2  | Noticed Frances
 28412 | Swamp:2  | Noticed Nikola
 28413 | Swamp:2  | Killed Frances
 28429 | Swamp:2  | Noticed Jorgrun
 28690 | Spider:4 | Entered Level 4 of the Spider Nest
 28881 | Spider:4 | Noticed Mara
 28907 | Spider:4 | Killed Mara
 28908 | Spider:4 | Reached XP level 17. HP: 54/98 MP: 18/18
 29748 | Spider:4 | Reached skill level 10 in Evocations
 29796 | Spider:4 | Reached skill level 15 in Fighting
 30171 | Spider:4 | Got a gossamer rune of Zot
 30507 | Swamp:2  | Killed Nikola
 30562 | Swamp:2  | Killed Jorgrun
 31339 | Swamp:3  | Reached skill level 10 in Shields
 31617 | Swamp:3  | Identified the +10 flail of Zuocie {vamp, rC+}
 31933 | Swamp:3  | Reached XP level 18. HP: 69/105 MP: 19/19
 32178 | Swamp:4  | Entered Level 4 of the Swamp
 32483 | Swamp:4  | Noticed Mlioglotl
 32861 | Swamp:4  | Killed Mlioglotl
 33342 | D:11     | Bought a manual of Shields for 1280 gold pieces
 33347 | D:11     | Bought a transparent ring mail for 261 gold pieces
 33347 | D:11     | Identified the +3 ring mail of Yredelemnul's Grace {rC-
                  | Int+3 Stlth+} (You bought it in a shop on level 11 of the
                  | Dungeon)
 33428 | Vaults:1 | Entered Level 1 of the Vaults
 33534 | Vaults:1 | Reached skill level 16 in Fighting
 33548 | Vaults:1 | Reached skill level 1 in Spellcasting
 33548 | Vaults:1 | Reached skill level 1 in Ice Magic
 33838 | Vaults:1 | Learned a level 3 spell: Ozocubu's Armour
 34692 | Vaults:1 | Noticed Saint Roka
 34723 | Vaults:1 | Killed Saint Roka
 35210 | Vaults:1 | Reached XP level 19. HP: 107/110 MP: 26/26
 36031 | Vaults:2 | Reached skill level 5 in Spellcasting
 36034 | Vaults:2 | Reached skill level 5 in Ice Magic
 36313 | Vaults:2 | You fall into a shaft and drop 2 floors!
 36453 | Vaults:3 | Found a magical portal.
 36462 | WizLab   | Entered Alistair's Party Mansion
 36785 | WizLab   | Identified a scroll of acquirement
 36798 | WizLab   | Acquired 1005 gold pieces
 36869 | WizLab   | Got the Quarto of Glowing Blight
 37134 | Vaults:3 | Learned a level 2 spell: Lesser Beckoning
 37213 | Vaults:2 | Reached skill level 1 in Translocations
 37262 | Vaults:2 | Found a gateway to a bazaar.
 37281 | Bazaar   | Entered a bazaar
 37302 | Bazaar   | Found Haquib's Weapon Shoppe.
 37302 | Bazaar   | Found Jiref's Jewellery Emporium.
 37324 | Bazaar   | Found Dufefy's Book Emporium.
 37340 | Bazaar   | Found Jexorchur's Antique Weapon Emporium.
 37376 | Bazaar   | Bought a book of Burglary for 200 gold pieces
 37390 | Bazaar   | Bought the ring "Omuske Moze" {rElec rPois EV+5} for 487
                  | gold pieces
 37390 | Bazaar   | Bought the ring "Tarai" {rC+ EV+5} for 450 gold pieces
 37412 | Bazaar   | Bought a manual of Conjurations for 800 gold pieces
 37737 | Vaults:2 | Reached skill level 17 in Fighting
 37828 | Vaults:2 | Found a staircase to the Crypt.
 37828 | Vaults:2 | Found a basalt altar of Yredelemnul.
 37829 | Vaults:2 | Found an ancient bone altar of Kikubaaqudgha.
 38324 | Vaults:3 | Reached XP level 20. HP: 73/117 MP: 21/31
 39494 | Vaults:4 | Reached skill level 5 in Translocations
 39505 | Vaults:4 | Identified the +0 pair of boots of Seuhi {Dex+7 Stlth-}
 39546 | Vaults:4 | Reached skill level 15 in Shields
 40738 | Vaults:4 | Reached XP level 21. HP: 123/123 MP: 34/34
 40760 | Vaults:4 | Noticed Sojobo
 40777 | Vaults:4 | Killed Sojobo
 40786 | Vaults:4 | Reached skill level 18 in Fighting
 41233 | Elf:1    | Entered Level 1 of the Elven Halls
 41239 | Elf:1    | Found an ancient bone altar of Kikubaaqudgha.
 41283 | Elf:1    | Found a flickering gateway to a bazaar.
 41295 | Bazaar   | Entered a bazaar
 41309 | Bazaar   | Found Goddel's Distillery.
 41309 | Bazaar   | Found Byficro's General Store.
 41320 | Bazaar   | Bought a scroll of magic mapping for 82 gold pieces
 41331 | Bazaar   | Found Ybuameka's Antique Weapon Shoppe.
 41347 | Bazaar   | Found Unkeca's Antique Armour Emporium.
 41363 | Bazaar   | Found Tahonuat's General Store.
 41368 | Bazaar   | Bought a wand of iceblast (3) for 86 gold pieces
 41435 | Bazaar   | Bought a potion of mutation for 104 gold pieces
 41435 | Bazaar   | Bought a potion of brilliance for 52 gold pieces
 41435 | Bazaar   | Bought a potion of curing for 39 gold pieces
 41435 | Bazaar   | Bought a potion of curing for 39 gold pieces
 41435 | Bazaar   | Bought a potion of curing for 39 gold pieces
 41435 | Bazaar   | Bought a potion of curing for 39 gold pieces
 41562 | Elf:1    | Reached skill level 10 in Ice Magic
 42018 | Elf:1    | Identified Roxanne's Incunabulum of the Body
 42018 | Elf:1    | Noticed Roxanne
 42164 | Elf:1    | Found a runed translucent door.
 42164 | Elf:1    | Noticed Oluguuw's ghost (veteran MiGl)
 42669 | Elf:2    | Identified the +4 scimitar "Kiysa" {drain, rCorr Dex+2}
 42672 | Elf:2    | Found a huge runed translucent gate.
 42672 | Elf:2    | Found a huge runed translucent gate.
 42672 | Elf:2    | Found a huge runed translucent gate.
 42672 | Elf:2    | Found a huge runed translucent gate.
 42674 | Elf:2    | Found a huge runed translucent gate.
 42974 | Elf:3    | Entered Level 3 of the Elven Halls
 43060 | Elf:3    | Paralysed by an air elemental for 1 turns
 43216 | Elf:3    | Reached skill level 10 in Dodging
 43227 | Elf:3    | Identified the amulet of Galuobbixt {rPois Regen+}
 43327 | Elf:3    | Identified the ring of Rishriunuz {Ice rElec Int+3 Dex+4}
 43758 | Elf:3    | Found a radiant altar of Vehumet.
 43867 | Elf:3    | Identified the staff of fire "Botreh" {rElec rPois rF+
                  | Int-4 Dex+4}
 43878 | Elf:3    | Identified the ring "Mamuf" {Fly rN+ Str+2 SInv}
 44194 | Elf:3    | Reached XP level 22. HP: 113/130 MP: 35/35
 44284 | Elf:3    | Identified the +1 robe of Ironoxoa {rPois Will+ Int+2}
 44284 | Elf:3    | Found the +2 ratskin cloak {*Rats rPois rN+ Str-1 Int-1
                  | Dex+1}
 44322 | Elf:3    | Identified the staff of poison "Meph" {rPois rC+}
 44328 | Elf:3    | Identified the staff of death "Kijyxa" {*Corrode rN+ Dex+7
                  | Stlth+}
 44840 | D:6      | Killed WaxSun's ghost
 44956 | D:10     | Killed Erolcha
 45100 | D:13     | Bought a shimmering leather armour for 259 gold pieces
 45100 | D:13     | Identified the +1 leather armour of Focus {rC+ rCorr} (You
                  | bought it in a shop on level 13 of the Dungeon)
 45175 | D:14     | Killed Calyfret's ghost
 45403 | Lair:2   | Killed laqueoix's ghost
 45426 | Lair:2   | Reached skill level 10 in Translocations
 45458 | Lair:2   | Identified the staff of cold "Ziucat" {rC+ Dex+5}
 45634 | Spider:2 | Killed Louise
 45894 | D:15     | Found a staircase to the Depths.
 45907 | Depths:1 | Entered Level 1 of the Depths
 46012 | Depths:1 | Found a runed translucent door.
 46227 | Depths:1 | Found a one-way gateway to a ziggurat.
 46766 | Depths:1 | Reached skill level 19 in Fighting
 46799 | Depths:1 | Found a gateway to Hell.
 47704 | Depths:2 | Reached skill level 10 in Throwing
 47906 | Depths:1 | Reached XP level 23. HP: 105/135 MP: 33/36
 48414 | Depths:2 | Identified the staff of death "Luvach" {Contam rElec rF+++
                  | rN+ Stlth-}
 48854 | Depths:2 | Found a one-way gate leading to the halls of Pandemonium.
 49280 | Depths:1 | Identified the +2 quarterstaff "Umoprox" {protect, rC+
                  | Str+4}
 49459 | Depths:3 | Identified the +3 leather armour of the Lair of Beasts
                  | {Int+3}
 49528 | Depths:3 | Found a blossoming altar of Fedhas.
 49692 | Depths:3 | Noticed a juggernaut
 50046 | Depths:3 | Found a one-way gate to the infinite horrors of the Abyss.
 50074 | Depths:3 | Learned a level 3 spell: Swiftness
 50078 | Depths:3 | Learned a level 3 spell: Mephitic Cloud
 50222 | Depths:4 | Entered Level 4 of the Depths
 50267 | Depths:4 | Reached skill level 1 in Conjurations
 50303 | Depths:4 | Reached skill level 1 in Air Magic
 50482 | Depths:4 | Noticed a juggernaut
 50495 | Depths:4 | Killed a juggernaut
 50516 | Depths:4 | Learned a level 1 spell: Apportation
 50840 | Depths:4 | Noticed a golden dragon
 50861 | Depths:4 | Killed a golden dragon
 51201 | Depths:4 | Found a gate to the Realm of Zot.
 51748 | Depths:2 | Learned a level 2 spell: Passwall
 52007 | Crypt:1  | Entered Level 1 of the Crypt
 52134 | Crypt:1  | Found a transporter.
 52135 | Crypt:1  | Noticed an ancient lich
 52155 | Crypt:1  | Reached skill level 1 in Transmutations
 52257 | Crypt:1  | Found a basalt altar of Yredelemnul.
 52275 | Crypt:1  | Reached skill level 5 in Conjurations
 52291 | Crypt:1  | Reached XP level 24. HP: 139/142 MP: 36/36
 52451 | Crypt:1  | Found a transporter.
 52477 | Crypt:1  | Reached skill level 20 in Fighting
 52645 | Crypt:1  | Learned a level 5 spell: Irradiate
 53048 | Crypt:2  | Noticed Jory
 53126 | Crypt:2  | Noticed Frederick
 53485 | Crypt:3  | Entered Level 3 of the Crypt
 53588 | Crypt:3  | Learned a level 5 spell: Yara's Violent Unravelling
 53700 | Crypt:3  | Acquired a ring of the Octopus King {rN+ HP+2 AC+2 EV+2
                  | SH+2}
 53700 | Crypt:3  | Found the ring of the Octopus King {rN+ HP+2 AC+2 EV+2
                  | SH+2}
 53892 | Crypt:3  | Found the +8 longbow "Zephyr" {speed, Dex+3 SInv}
 54195 | Crypt:3  | Found a staircase to the Tomb.
 54296 | Crypt:3  | Reached skill level 5 in Transmutations
 54306 | Crypt:2  | Found a shimmering altar of Xom.
 54336 | Crypt:3  | Reached skill level 5 in Air Magic
 54421 | Crypt:3  | Found the +9 sword of Zonguldrok {reap}
 54464 | Crypt:3  | Found a runed translucent gate.
 54464 | Crypt:3  | Found a runed translucent gate.
 54465 | Crypt:3  | Found a runed translucent gate.
 54466 | Crypt:3  | Noticed Rolofrus's ghost (veteran FoFi)
 54667 | Crypt:3  | Noticed a dread lich
 54667 | Crypt:3  | Noticed a dread lich
 54695 | Crypt:3  | Killed a dread lich
 54732 | Crypt:3  | Killed a dread lich
 54740 | Crypt:3  | Reached skill level 10 in Armour
 54741 | Crypt:3  | Noticed an ancient lich
 54753 | Crypt:3  | Killed an ancient lich
 54770 | Crypt:3  | Identified the +1 chain mail of Xoin {MP+9}
 54773 | Crypt:3  | Identified the ring of Maghit {rPois rF- rC+ rCorr Str+6}
 54779 | Crypt:3  | Identified the amulet "Qyusaus" {Spirit Dex+3}
 55175 | Slime:1  | Entered Level 1 of the Pits of Slime
 57061 | Slime:5  | Entered Level 5 of the Pits of Slime
 57175 | Slime:5  | Gained mutation: You are clumsy. (Dex -2) [a shining eye]
 57288 | Slime:5  | Reached XP level 25. HP: 147/147 MP: 36/36
 57581 | Slime:5  | Noticed the Royal Jelly
 57590 | Slime:5  | Killed the Royal Jelly
 57773 | Slime:5  | Identified the staff of conjuration "Nuemul" {rPois}
 57783 | Slime:5  | Acquired 1090 gold pieces
 57787 | Slime:5  | Identified the staff of cold "Qomn" {rC+ Int+8 Dex+5}
 57852 | Slime:5  | Got a slimy rune of Zot
 58428 | Swamp:4  | Noticed Aizul
 58478 | Swamp:4  | Killed Aizul
 58662 | Swamp:4  | Got a decaying rune of Zot
 59403 | Vaults:5 | Entered Level 5 of the Vaults
 59525 | Vaults:5 | Reached skill level 15 in Stealth
 59525 | Vaults:5 | Reached skill level 10 in Conjurations
 59566 | Vaults:5 | Learned a level 5 spell: Freezing Cloud
 59589 | Vaults:5 | Reached skill level 1 in Earth Magic
 60206 | Vaults:5 | Reached skill level 10 in Transmutations
 60361 | Vaults:5 | Got a silver rune of Zot
 60951 | Vaults:5 | Found Fuwyrud's Magic Scroll Shoppe.
 60956 | Vaults:5 | Bought a scroll of blinking for 150 gold pieces
 60956 | Vaults:5 | Bought a scroll of fog for 80 gold pieces
 60956 | Vaults:5 | Bought a scroll of silence for 190 gold pieces
 61042 | Vaults:5 | Identified the +8 plate armour "Gaifay" {Harm rC+++ SInv
                  | Stlth-}
 61187 | Vaults:5 | Got Rinyd's Incunable of Vile Ceraunoscopy
 61189 | Vaults:5 | Got the Secrets of the Macabre Anticline
 61238 | Vaults:5 | Found Pousuadgh's Magic Scroll Shop.
 61243 | Vaults:5 | Bought a scroll of fear for 88 gold pieces
 61250 | Vaults:5 | Identified the +5 scale mail of Twilight {rF+}
 61264 | Vaults:5 | Found Tickup's Distillery.
 61268 | Vaults:5 | Bought a potion of haste for 230 gold pieces
 61268 | Vaults:5 | Bought a potion of mutation for 184 gold pieces
 61983 | Zot:1    | Entered Level 1 of the Realm of Zot
 62016 | Zot:1    | Reached XP level 26. HP: 152/152 MP: 36/36
 62045 | Zot:1    | Reached skill level 1 in Hexes
 62147 | Zot:3    | Noticed an ancient lich
 62152 | Zot:3    | Noticed a dread lich
 62187 | Zot:5    | Entered Level 5 of the Realm of Zot
 62274 | Zot:5    | Found a sacrificial altar of Ru.
 62512 | Zot:5    | Noticed a dread lich
 62534 | Zot:5    | Identified the +1 falchion of Distraction {freeze, rF++ rC-
                  | Str+3}
 62536 | Zot:5    | Noticed a Killer Klown
 62539 | Zot:5    | Noticed an ancient lich
 62543 | Zot:5    | Noticed an orb of fire
 62546 | Zot:5    | Killed a Killer Klown
 62568 | Zot:5    | Killed an ancient lich
 62648 | Zot:5    | Got the Orb of Zot
 62980 | D:15     | Noticed Plog the pandemonium lord
 63145 | D:6      | Noticed Dusudwu the pandemonium lord
 63255 | D:$      | Escaped with the Orb!

Illustrated notes

Levels and vault maps discovered:
D:1:      heliophobic_arrival_battle_scene, layout_loops_ring,
          dilly_ecumenical_altar_fadedgnrine
D:2:      layout_basic, nrook_uturn
D:3:      layout_loops_corners, mainiacjoe_overflow_alcove_1,
          minmay_misc_feat_x, uniq_jessica
D:4:      nicolae_cairo_tiling_very_big, layout_cave_pools,
          yredelemnul_altar_generic, led_sif_pool, nicolae_ossuary_entry_plus,
          serial_co_window_serial, co_window_paths_a, co_window_corner_a,
          co_window_corner_a, co_window_cross_1, co_window_corner_a,
          co_window_unsneaky_path_d, co_window_corner_ca, co_window_corner_b,
          co_window_corner_cb, co_window_corner_ca, co_window_corner_cb
D:5:      layout_rooms, grunt_gozag_breadcrumbs,
          gammafunk_temple_overflow_statue, lemuel_tele_altar,
          minmay_temple_entry_antechambers, uniq_sigmund, uniq_menkaure
D:6:      layout_loops_ring, lightli_temple_of_fire, ebering_ghost_rock_garden,
          chequers_serial_rivers_small_3, uniq_blork_the_orc,
          uniq_crazy_yiuf_cottage, uniq_grinder
D:7:      layout_layer_cave, mainiacjoe_overflow_24_doors, uniq_maggie
D:8:      layout_gridville, mainiacjoe_overflow_alcove_4
D:9:      layout_layer_cave, mainiacjoe_overflow_catwalk,
          grunt_dithmenos_smoke_and_mirrors, nicolae_uskayaw_en_pointe,
          enter_bailey_5, minmay_misc_feat_five
D:10:     layout_basic, uniq_snorg, uniq_erolcha
D:11:     layout_basic, erik_lair_orcish_takeover, serial_shops, shop,
          nicolae_ru_path_of_blood
D:12:     layout_gridville, david_orc_3, evilmike_butchery, uniq_azrael
D:13:     layout_rooms, david_vaults_5, enter_trove_2, serial_shops,
          nicolae_shop_drivethru, minivault_22
D:14:     layout_loops_ring, gammafunk_ghost_icy, lemuel_coloured_pillars_altar,
          serial_bayou_pond_b, uniq_agnes
D:15:     grunt_enter_depths_magical_seal, layout_long_grid, serial_shops,
          shop_coins, hangedman_decor_riveting, uniq_josephine
Lair:1:   layout_hall_layers, hangedman_tree_tricks,
          dreamdust_deal_with_the_devil
Lair:2:   layout_long_grid, palyth_hydra_swamp_entry, gauntlet_entry_generic,
          nzn_ghost_randoct, wad_woods_03, infiniplex_staircase_pool_2
Lair:3:   layout_roguey, spider_nest_entry_funnel_web, grunt_megastairs_5,
          serial_bayou_shore_b, infiniplex_staircase_pool, uniq_nessos
Lair:4:   layout_cellular_growth, chequers_serial_rivers_marsh,
          serial_bayou_pond_c, lemuel_fruit_tree, serial_bayou_shore_b,
          uniq_rupert
Lair:5:   grunt_lair_end_beastmaster, layout_misc_corridors, slime_entry_1
Swamp:1:  layout_basic_swamp, evilmike_swamp_ruin_rubble_1, swamp_pool1
Swamp:2:  layout_falls_marsh, evilmike_swamp_ruin_wall, swamp_pool5,
          uniq_nikola, uniq_frances, uniq_jorgrun
Swamp:3:  cheibrodos_swamp_mausoleum, layout_falls_marsh,
          nicolae_swamp_dense_foliage
Swamp:4:  swamp_pestilence, layout_basic_swamp, uniq_mlioglotl, uniq_aizul
Spider:1: layout_spider_delve
Spider:2: layout_cave_pods, uniq_louise
Spider:3: layout_spider_delve
Spider:4: grunt_spider_rune_parallel, uniq_mara
Slime:1:  layout_caves
Slime:2:  layout_caves
Slime:3:  layout_caves
Slime:4:  layout_caves
Slime:5
Orc:1:    layout_caves
Orc:2:    st_orc_town, layout_caves, guppyfry_orc_lava_fort
Elf:1:    layout_geoelf_grid, basic_altar, serial_shops, bzr_firewalk,
          ebering_ghost_inner_flame, hangedman_elf_represent, uniq_roxanne
Elf:2:    elven_hall_of_blades_hangedman_alternative
          [mumra_blade_entry_bloodbath], layout_rooms, solitary_fountain
Elf:3:    grunt_elf_hall_spiral, layout_geoelf_diagonals, basic_altar,
          nicolae_elf_deep_friendship
Vaults:1: v_misc_24, nicolae_vaults_closet_pinwheel_6, ontoclasm_vaults_gateway,
          nicolae_vaults_display_case, v_alt_pattern_2, layout_vaults_omnigrid,
          uniq_saint_roka
Vaults:2: nicolae_vaults_house_1, minmay_crypt_entry_necro_gods,
          vaults_mumra_lcd, nicolae_vaults_steering_wheel,
          nicolae_vaults_trapezoid_3, v_alt_pattern_1, v_misc_5,
          ontoclasm_vaults_ring_square, nicolae_vaults_two_Ls,
          nicolae_vaults_yaktaur_gun_rack, nicolae_vaults_tetromino_Z_1,
          nicolae_vaults_tetromino_L_1, nicolae_vaults_double_plus_1,
          layout_vaults_chaotic_city, serial_shops, statue_bzr
Vaults:3: mu_enter_wizlab_1, nicolae_vaults_tetromino_T_1, v_misc_10,
          vaults_mumra_minichess, hangedman_vaults_variations,
          nicolae_vaults_big_angled_halls, nicolae_vaults_angled_halls,
          v_misc_9, nicolae_vaults_more_shelving_2, v_rooms_2,
          ontoclasm_vaults_ring_square, vaults_dpeg_emergency_exit, v_misc_23,
          nicolae_vaults_little_squares_3, layout_vaults_maze
Vaults:4: nicolae_vaults_offset_grid_hallway_1, nicolae_vaults_specimen_jars,
          hangedman_vaults_locks, hangedman_vaults_stream,
          nicolae_vaults_shrinking_rooms_2, nicolae_vaults_closet_pinwheel_5,
          nicolae_vaults_theta, v_rooms_6, vaults_room_door_ring,
          v_alt_pattern_2, vaults_dpeg_hooks,
          nicolae_vaults_shipping_containers_7, ontoclasm_vaults_tryst,
          vaults_room_semicircle, nicolae_vaults_little_squares_1,
          layout_vaults_omnibox, uniq_sojobo
Vaults:5
Crypt:1:  gammafunk_sealed_arena, layout_rooms, basic_altar,
          nicolae_crypt_niches
Crypt:2:  layout_catacombs, minivault_4, lemuel_upstairs_altar, uniq_jory,
          uniq_frederick
Crypt:3:  david_glass_crypt, layout_gridlike, tomb_entry_shell_bobbens,
          gammafunk_ghost_necromancy
Depths:1: layout_gridville, enter_ziggurat_b, nicolae_eternal_life,
          grunt_hell_horde, nrook_mini_vaults, lightli_church_of_beogh,
          firewood_loft
Depths:2: minmay_the_grid_square_5x5_4x4_mashed
          [minmay_the_grid_square_5x5_detours, minmay_the_grid_square_5x5_lines,
          minmay_the_grid_square_5x5_bracketed, minmay_the_grid_square_5x5_v,
          minmay_the_grid_square_5x5_trominoes,
          minmay_the_grid_square_5x5_prize_pseudospiral,
          minmay_the_grid_square_5x5_prize_snowflake,
          minmay_the_grid_square_5x5_pentomino_r,
          minmay_the_grid_square_5x5_slash,
          minmay_the_grid_square_5x5_prize_junk,
          minmay_the_grid_square_5x5_prize_open, minmay_the_grid_square_5x5_six,
          minmay_the_grid_square_5x5_tetrominoes,
          minmay_the_grid_square_5x5_checkered_sparse,
          minmay_the_grid_square_5x5_two_walls_a,
          minmay_the_grid_square_5x5_checkered], layout_basic, pf_coc_iceberg,
          rand_demon_pan_entry_3, patterned_corridor, kennysheep_random_hallway
Depths:3: minmay_glassy_protrusions, layout_gridlike, hell_entry,
          abyss_entry_crystal, grunt_pan_entry_in_and_out,
          fedhas_altar_fruit_tree
Depths:4: grunt_twist_and_shout, layout_long_grid, hell_entry,
          minmay_misc_feat_alley, hangedman_abyss_or_decor_clamps,
          uniq_josephina
Zot:1:    layout_onion, ebering_ghost_gozag, lemuel_golem_globe,
          grunt_megastairs_1
Zot:2:    layout_onion_interference
Zot:3:    hangedman_snap_crack_crunch, layout_onion_interference,
          st_single_dragon_hoard_4
Zot:4:    layout_cellular_growth, hellmonk_ghost_happy_afterlife
Zot:5:    layout_cathedral_of_symmetry, basic_altar

Skill      XL: |  1  2  3  4  5  6  7  8  9 10 11 12 13 14 15 16 17 18 19 20 21 22 23 24 25 26 |
---------------+-------------------------------------------------------------------------------+-----
Fighting       | 2 3 4 5 6 7 9 10 11 13 14 15 16 17 18 19 20 | 20.2
Maces & Flails | 3 4 5 6 7 9 11 12 13 14 | 14.0
Stealth        | 1 2 3 4 5 7 8 9 11 12 13 14 15 | 15.0
Dodging        | 3 5 6 8 9 10 11 12 13 | 13.4
Armour         | 2 4 6 7 8 9 10 | 10.0
Evocations     | 2 5 7 8 9 11 12 | 12.0
Throwing       | 5 6 8 10 11 12 13 | 13.7
Shields        | 4 8 10 12 14 15 | 15.2
Spellcasting   | 4 7 8 9 |  9.4
Ice Magic      | 4 7 9 10 | 10.0
Translocations | 2 6 9 12 14 | 14.0
Conjurations   | 5 9 12 13 | 13.0
Air Magic      | 3 6 8 |  8.0
Transmutations | 1 7 11 12 | 12.0
Earth Magic    | 4 |  4.0
Hexes          | 3 |  3.5

Action                     |  1- 3 |  4- 6 |  7- 9 | 10-12 | 13-15 | 16-18 | 19-21 | 22-24 | 25-27 || total
---------------------------+-------+-------+-------+-------+-------+-------+-------+-------+-------++-------
  Melee: Whip              |    95 |   218 |   175 |       |       |       |       |       |       ||   488
         Flail             |     8 |       |     8 |       |   329 |   496 |       |       |       ||   841
         Bite              |    20 |    64 |    93 |   151 |   399 |   710 |   768 |  1242 |   500 ||  3947
         Punch             |     1 |     2 |     1 |     1 |       |       |       |       |       ||     5
         Mace              |       |       |    68 |   131 |       |       |       |       |       ||   199
         Dire flail        |       |       |       |   304 |   737 |       |       |       |       ||  1041
         Demon whip        |       |       |       |       |       |   916 |  1416 |  1989 |   803 ||  5124
  Throw: Dart              |    10 |     5 |    22 |    31 |    54 |   162 |       |     1 |       ||   285
         Throwing net      |       |       |     4 |     2 |       |     1 |       |       |       ||     7
         Boomerang         |       |       |       |     9 |    11 |    63 |    19 |    98 |    28 ||   228
         Javelin           |       |       |       |     2 |       |       |     7 |    10 |     1 ||    20
   Cast: Ozocubu's Armour  |       |       |       |       |       |       |    35 |    50 |    18 ||   103
         Lesser Beckoning  |       |       |       |       |       |       |    96 |   100 |    49 ||   245
         Apportation       |       |       |       |       |       |       |       |     1 |       ||     1
         Swiftness         |       |       |       |       |       |       |       |     1 |       ||     1
         Freezing Cloud    |       |       |       |       |       |       |       |       |     3 ||     3
         Passwall          |       |       |       |       |       |       |       |       |     8 ||     8
 Invoke: Potion Petition   |       |       |       |     1 |       |     3 |       |       |       ||     4
         Call Merchant     |       |       |       |       |       |     3 |       |       |       ||     3
         Bribe Branch      |       |       |       |       |       |       |       |       |     5 ||     5
Ability: Evoke Blink       |       |       |       |       |       |       |       |     2 |       ||     2
  Evoke: Wand              |       |       |     1 |    19 |    10 |     6 |    12 |    27 |     2 ||    77
         Lightning rod     |       |       |       |     2 |     8 |    10 |    11 |     5 |       ||    36
         Box of beasts     |       |       |       |       |     3 |     3 |     2 |     1 |     1 ||    10
         Tin of tremorston |       |       |       |       |     3 |     5 |     4 |     2 |       ||    14
         Phial of floods   |       |       |       |       |       |     3 |     1 |       |       ||     4
         Phantom mirror    |       |       |       |       |       |     2 |     3 |     1 |       ||     6
    Use: Scroll            |       |     8 |    10 |     8 |     7 |     9 |    14 |    10 |    18 ||    84
         Potion            |       |       |     2 |     6 |     2 |     4 |       |     3 |     4 ||    21
   Stab: Sleeping          |     4 |     8 |    16 |    23 |    35 |    44 |    26 |    36 |     9 ||   201
         Distracted        |       |       |     2 |     5 |    13 |     9 |    18 |    15 |    11 ||    73
         Held in net/web   |       |       |       |     1 |       |     1 |       |       |       ||     2
         Paralysed         |       |       |       |       |     5 |       |     2 |       |       ||     7
         Invisible         |       |       |       |       |       |       |       |     5 |       ||     5
 Armour: Leather armour    |    16 |    32 |    24 |    79 |   210 |   328 |   143 |   223 |    24 ||  1079
         Plate armour      |       |       |       |    22 |       |       |       |       |       ||    22
         Skin              |       |       |       |       |       |    26 |       |       |     6 ||    32
         Ring mail         |       |       |       |       |       |       |       |       |    80 ||    80
  Dodge: Dodged            |    48 |   155 |   129 |   315 |   661 |   795 |   497 |   795 |   260 ||  3655
  Block: Kite shield       |       |       |       |       |   133 |   768 |   482 |  1027 |   458 ||  2868
         Reflection        |       |       |       |       |       |       |       |     4 |     8 ||    12
